 Dungeon Crawl Stone Soup version 0.32-a0-576-g706899e69d (webtiles) character file.

Game seed: 8458476587799724897

212 Dittersdorf the Trooper (level 5, -6/34 HPs)
             Began as a Gargoyle Fighter on Mar 1, 2024.
             Engulfed by a steam dragon's steam (8 damage)
             ... on level 4 of the Dungeon.
             The game lasted 00:02:58 (2855 turns).

Dittersdorf the Trooper (Gargoyle Fighter)          Turns: 2855, Time: 00:02:59

Health: -6/34      AC: 14    Str: 21    XL:     5   Next: 90%
Magic:  0/5        EV: 13    Int:  9    God:
Gold:   241        SH:  4    Dex:  9    Spells: 4/4 levels left

rFire   . . .        a - +0 flail
rCold   . . .        c - +0 buckler
rNeg    + . .        i - +0 chain mail
rPois   ∞            (no helmet)
rElec   +            r - +0 cloak
rCorr   .            (no gloves)
SInv    .            (no boots)
Will    .....        n - amulet of guardian spirit Stlth
                     v - +5 ring of evasion
HPRegen 0.25/turn    (no ring)
MPRegen 0.09/turn

%: guardian spirit
@: no status effects
A: sickness immunity, AC +4, negative energy resistance 1, electricity
resistance, torment resistance 1, petrification resistance
a: no special abilities


You were on level 4 of the Dungeon.
You visited 1 branch of the dungeon, and saw 4 of its levels.

You collected 241 gold pieces.

Inventory:

Hand Weapons
 a - a +0 flail (weapon)
Armour
 c - a +0 buckler (worn)
 i - a +0 chain mail (worn)
 r - a +0 cloak (worn)
Jewellery
 n - an amulet of guardian spirit (around neck)
 v - a +5 ring of evasion (left hand)
Wands
 u - a wand of roots (8) (quivered)
Scrolls
 f - a scroll of fog {unknown}
 g - 2 scrolls of poison {unknown}
 h - 2 scrolls of noise {unknown}
 j - a scroll of butterflies {unknown}
 l - 2 scrolls of enchant armour {unknown}
 m - a scroll of teleportation {unknown}
 p - 2 scrolls of identify {unknown}
 t - a scroll of silence {unknown}
Potions
 b - 2 potions of curing {unknown}
 d - 2 potions of might
 e - a potion of haste {unknown}
 k - a potion of brilliance {unknown}
 o - a potion of degeneration {unknown}
 q - a potion of berserk rage {unknown}
 s - a potion of magic {unknown}


   Skills:
 + Level 4.5 Fighting
 + Level 3.4 Maces & Flails
 + Level 4.4 Armour
 + Level 4.4 Shields


You had 4 spell levels left.
You didn't know any spells.
Your spell library contained the following spells:

 Spells                   Type           Power      Damage    Failure   Level
 Apportation              Tloc           0%         N/A       97%         1
 Jinxbite                 Hex            0%         N/A       99%         2
 Alistair's Intoxication  Alch           0%         N/A       100%        5


Dungeon Overview and Level Annotations

Branches:
Dungeon (4/15)
 Temple: D:4-7

Altars:


Innate Abilities, Weirdness & Mutations

You are immune to sickness and miasma.
Your stone body is resilient. (AC +4)
You are immune to poison.
You resist negative energy. (rN+)
You are resistant to electric shocks. (rElec)
You are resistant to unholy torment.
You are immune to petrification.


Message History

You barely miss the steam dragon.
The steam dragon is moderately wounded.
You are engulfed in a cloud of scalding steam.
The steam dragon closely misses you.
The steam dragon claws you but does no damage.
You hit the steam dragon but do no damage.
The steam dragon is moderately wounded.
You are engulfed in a cloud of scalding steam.
The steam dragon breathes steam at you.
The ball of steam hits you but does no damage.
A hobgoblin comes into view.
The steam dragon bites you.
* * * LOW HITPOINT WARNING * * *
The steam dragon completely misses you.
You hit the steam dragon.
The steam dragon is moderately wounded.
The steam dragon bites you but does no damage.
The steam dragon closely misses you.
You barely miss the steam dragon.
The steam dragon is moderately wounded.
The steam dragon barely misses you. The steam dragon completely misses you.
An endoplasm comes into view.
You closely miss the steam dragon.
The steam dragon is moderately wounded.
The steam dragon closely misses you. The steam dragon completely misses you.
You barely miss the steam dragon.
The steam dragon is moderately wounded.
The steam dragon bites you.
* * * LOW HITPOINT WARNING * * *
The steam dragon barely misses you.
The steam dragon bites you but does no damage.
The steam dragon misses you.
You barely miss the steam dragon.
The steam dragon is moderately wounded.
The steam dragon barely misses you. The steam dragon closely misses you.
The steam dragon breathes steam at you. The ball of steam hits you.
* * * LOW HITPOINT WARNING * * *
You are engulfed in a cloud of scalding steam.
You die...

...# #..# #..#
### ###..# ....
#.##..#
#..###.###..###.#
#.Jg###..)....#
#§#D§§@§§.# D.
#...#..## #.
###.#....# #
....##.# .#####
.# ). # #. #.


There were no monsters in sight!

Vanquished Creatures
  A scorpion (D:3)
  An orc priest (D:3)
  Terence (D:2)
  2 adders (D:2)
  A gnoll (D:1)
  A dart slug (D:1)
  A ribbon worm (D:2)
  2 orcs (D:3)
  4 ball pythons
  7 endoplasms
  6 giant cockroaches
  8 hobgoblins
  3 quokkas
  9 bats
  2 frilled lizards
  7 goblins
  3 kobolds
  8 rats
67 creatures vanquished.

Notes
Turn   | Place    | Note
-------+----------+-------------------------------------------
     0 | D:1      | Dittersdorf the Gargoyle Fighter began the quest for the
                  | Orb.
     0 | D:1      | Reached XP level 1. HP: 14/14 MP: 1/1
   212 | D:1      | Reached XP level 2. HP: 19/19 MP: 2/2
   269 | D:1      | Reached XP level 3. HP: 7/23 MP: 3/3
   647 | D:1      | Found a faded altar of an unknown god.
   883 | D:2      | You fall into a shaft and drop 1 floor!
  1146 | D:2      | Reached XP level 4. HP: 28/29 MP: 2/4
  1381 | D:2      | Noticed Terence
  1403 | D:2      | HP: 1/29 [quokka (4)]
  1538 | D:2      | Killed Terence
  1964 | D:3      | Reached XP level 5. HP: 33/33 MP: 5/5
  2839 | D:4      | Noticed a steam dragon
  2855 | D:4      | Engulfed by a steam dragon's steam

Illustrated notes

Levels and vault maps discovered:
D:1:      wander_arrival_desolate, layout_basic, basic_ecumenical_altar,
          serial_bayou_ford_a
D:2:      layout_basic, mrwooster_statue_mirror, minmay_tetromino_l2,
          uniq_terence
D:3:      layout_basic
D:4:      layout_loops_ring

Skill      XL: |  1  2  3  4 |
---------------+-------------+-----
Armour         | 4 |  4.4
Fighting       | 4 |  4.5
Maces & Flails | 3 |  3.4
Shields        | 4 |  4.4

Action                     |  1- 3 |  4- 6 || total
---------------------------+-------+-------++-------
  Melee: Flail             |   140 |   104 ||   244
 Armour: Scale mail        |     9 |       ||     9
         Chain mail        |   166 |   126 ||   292
  Dodge: Dodged            |    75 |    80 ||   155
  Block: Buckler           |    87 |    34 ||   121

Table legend: (Time is in decaauts)
 A = Elapsed time spent in this place.
 B = Non-inter-level travel time spent in this place.
 C = Inter-level travel time spent in this place.
 D = Time resting spent in this place.
 E = Time spent auto-exploring this place.
 F = Levels seen in this place.
 G = Mean time per level.
                   A        B        C        D        E       F      G
               +--------+--------+--------+--------+--------+-----+--------+
         Total |   2938 |   2864 |     74 |    277 |   1970 |   4 |  734.5 |
       Dungeon |   2938 |   2864 |     74 |    277 |   1970 |   4 |  734.5 |
               +--------+--------+--------+--------+--------+-----+--------+

Top non-repeatable levels by time:
     D:2: 996 daAuts
     D:1: 958 daAuts
     D:3: 945 daAuts
     D:4: 38 daAuts
